AoeStats
← XIII-Hanomontano

African Clearing

510529569Analyzed
2v2 RM · 18h ago on Oct 1, 2026· 28m 39s· 4 players
Game mode
Random Map
Map size
Medium (4 player)
Population
200
Speed
Normal
Resources
Standard
Victory
Conquest
Starting age
Dark Age
Ending age
Imperial Age
RankedLock teamsTeams togetherTeam positionsShared explorationLock speedFull tech treeHidden civsTurbo modeCheats
Victory
Defeat
🇧🇷 Ethiopians · Brazil
1251
+12
🇧🇷 Persians · Brazil
1139
+17
🇹🇼 Saxons · Taiwan
1164
-15
🇹🇼 Varangians · Taiwan
1149
-14
EN_Tsai
13:32 Feudal Age
11:47 Loom
18:30 Castle Age
16:37 Double-Bit Axe
21:47 Bow Saw
22:01 Forging
White_Tsai
4:38 Loom
12:43 Feudal Age
16:43 Bloodlines
16:24 Loom
18:53 Scale Barding Armor
25:37 Castle Age
24:40 Forging
25:41 Light Cavalry
26:22 Husbandry
26:48 Chain Barding Armor
SirT_Naval
3:30 Loom
13:12 Feudal Age
13:50 Double-Bit Axe
20:35 Castle Age
21:28 Horse Collar
23:38 Stone Mining
26:35 Stone Shaft Mining
XIII-Hanomontano
6:06 Loom
14:35 Feudal Age
18:24 Castle Age
16:26 Double-Bit Axe
18:17 Horse Collar
18:31 Fletching
18:30 Crossbowman
28:39 Wheelbarrow
Connection lost

Rejoining the realm…

Still unreachable

The connection could not be restored.

Session expired

The server has moved on; the page needs a fresh start.